 Dungeon Crawl Stone Soup version 0.27-a0-1036-g8e1b44f6bd (webtiles) character file.

Game seed: 17542009023822627429

184 tsouns the Chiller (level 5, -5/35 HPs)
             Began as a Demonspawn Ice Elementalist on Apr 19, 2021.
             Was a Believer of Fedhas.
             Slain by a black bear (6 damage)
             ... on level 3 of the Dungeon.
             The game lasted 00:04:37 (3359 turns).

tsouns the Chiller (Demonspawn Ice Elementalist)    Turns: 3359, Time: 00:04:39

Health: -5/35      AC:  4    Str:  9    XL:     5   Next: 36%
Magic:  0/10       EV: 12    Int: 17    God:    Fedhas [**....]
Gold:   64         SH:  0    Dex: 13    Spells: 0/11 levels left

rFire    . . .     SeeInvis .   c - staff of conjuration
rCold    . . .     Faith    .   (no shield)
rNeg     . . .     Spirit   .   a - +0 robe
rPois    .         Reflect  .   (no helmet)
rElec    .         Harm     .   (no cloak)
rCorr    .         Rampage  .   e - +0 pair of gloves
Will     .....                  g - +0 pair of boots
Stlth    ++........             (no amulet)
HPRegen  0.11/turn              (no ring)
MPRegen  0.12/turn              (no ring)

@: no status effects
A: powered by death 1
a: Renounce Religion, Wall of Briars


You were on level 3 of the Dungeon.
You worshipped Fedhas.
Fedhas was pleased with you.
You visited 1 branch of the dungeon, and saw 3 of its levels.

You collected 64 gold pieces.

Inventory:

Hand Weapons
 n - a +0 short sword of venom
Armour
 a - a +0 robe (worn)
 e - a +0 pair of gloves (worn)
 g - a +0 pair of boots (worn)
Magical Staves
 c - a staff of conjuration (weapon)
Scrolls
 f - a scroll of acquirement {unknown}
 k - a scroll of amnesia {unknown}
 l - a scroll of enchant armour {unknown}
 m - a scroll of teleportation {unknown}
Potions
 b - a potion of haste {unknown}
 d - a potion of lignification {unknown}
 h - a potion of curing {unknown}
 i - 2 potions of mutation {unknown}
 j - a potion of might {unknown}
 o - a potion of attraction {unknown}


   Skills:
 - Level 1.7 Dodging
 - Level 1.7 Stealth
 + Level 3.9 Spellcasting
 + Level 5.0 Ice Magic


You couldn't memorise any spells.
You knew the following spells:

 Your Spells              Type           Power      Damage    Failure   Level
a - Freeze                Ice            80%        1d9       1%          1
b - Frozen Ramparts       Ice            40%        1d6       6%          3
c - Ozocubu's Armour      Ice            20%        N/A       6%          3
d - Hailstorm             Conj/Ice       17%        3d6       50%         4

Your spell library contained the following spells:

 Spells                   Type           Power      Damage    Failure   Level
 Animate Skeleton         Necr           6%         N/A       16%         1
 Apportation              Tloc           6%         N/A       16%         1
 Corona                   Hex            3%         N/A       16%         1
 Summon Small Mammal      Summ           12%        N/A       16%         1
 Metabolic Englaciation   Hex/Ice        5%         N/A       83%         5


Dungeon Overview and Level Annotations

Branches:
Dungeon (3/15)

Altars:
Fedhas


Innate Abilities, Weirdness & Mutations

You regenerate a little health from kills.


Message History

Casting: Freeze (safe; 1% risk of failure)
Confirm with . or Enter, or press ? or * to list all spells.
Aiming: Freeze (safe; 1% risk of failure)
Press: ? - help, Shift-Dir - straight line, f/p - black bear
Aim: a black bear (heavily wounded)
You freeze the black bear.
The black bear is severely wounded.
The black bear closely misses you. The black bear claws you.
* * * LOW HITPOINT WARNING * * *
The black bear barely misses you.
Casting: Freeze (safe; 1% risk of failure)
Confirm with . or Enter, or press ? or * to list all spells.
Aiming: Freeze (safe; 1% risk of failure)
Press: ? - help, Shift-Dir - straight line, f/p - black bear
Aim: a black bear (severely wounded)
You freeze the black bear.
The black bear is severely wounded.
The black bear bites you.
* * * LOW HITPOINT WARNING * * *
The black bear closely misses you. The black bear claws you.
* * * LOW HITPOINT WARNING * * *
Your magical contamination has completely faded away.
Casting: Freeze (safe; 1% risk of failure)
Confirm with . or Enter, or press ? or * to list all spells.
Aiming: Freeze (safe; 1% risk of failure)
Press: ? - help, Shift-Dir - straight line, f/p - black bear
Aim: a black bear (severely wounded)
You freeze the black bear.
The black bear is almost dead.
The black bear goes berserk!
Casting: Freeze (safe; 1% risk of failure)
Confirm with . or Enter, or press ? or * to list all spells.
Aiming: Freeze (safe; 1% risk of failure)
Press: ? - help, Shift-Dir - straight line, f/p - black bear
Aim: a black bear (almost dead, berserk)
You freeze the black bear.
The black bear is almost dead.
The black bear closely misses you. The black bear claws you.
You die...
Fedhas appreciates your contribution to the ecosystem.

#..................#
#.......###........###
#.......# #........##.
#.......# ###########.
#.......# #. #.......#
#. #.......# #.
#.....†.####### #.
#....@h........ #.
#######.†...... #.
#........ #. #........
#. #........ #.
#........ #. #########
#. #. #.


You could see a black bear (berserk).

Vanquished Creatures
  An orc priest (D:3)
  An iguana (D:3)
  5 adders
  A worm (D:3)
  3 dart slugs
  4 orcs (D:3)
  8 ball pythons
  5 bats
  5 endoplasms
  A giant cockroach (D:3)
  6 goblins
  4 hobgoblins
  9 jackals
  3 frilled lizards
  6 kobolds
  7 rats
69 creatures vanquished.

Vanquished Creatures (others)
  A plant (D:1)
1 creature vanquished.

Grand Total: 70 creatures vanquished

Notes
Turn   | Place    | Note
-------+----------+-------------------------------------------
     0 | D:1      | tsouns the Demonspawn Ice Elementalist began the quest for
                  | the Orb.
     0 | D:1      | Reached XP level 1. HP: 13/13 MP: 3/3
   333 | D:1      | Gained mutation: You regenerate a little health from kills.
                  | [demonic ancestry]
   333 | D:1      | Reached XP level 2. HP: 19/19 MP: 3/5
   629 | D:1      | Reached skill level 4 in Ice Magic
  1073 | D:1      | You fall into a shaft and drop 1 floor!
  1077 | D:2      | Reached XP level 3. HP: 24/24 MP: 4/7
  1087 | D:1      | Learned a level 3 spell: Frozen Ramparts
  1601 | D:1      | Found a faded altar of an unknown god.
  1691 | D:1      | Became a worshipper of Fedhas Madash
  1691 | D:1      | Reached * piety under Fedhas
  2164 | D:2      | Reached XP level 4. HP: 26/30 MP: 3/8
  2592 | D:3      | Reached ** piety under Fedhas
  2931 | D:3      | Reached XP level 5. HP: 35/35 MP: 5/10
  2996 | D:3      | Learned a level 3 spell: Ozocubu's Armour
  3046 | D:3      | Reached skill level 5 in Ice Magic
  3251 | D:3      | Learned a level 4 spell: Hailstorm
  3343 | D:3      | Noticed a black bear
  3357 | D:3      | HP: 1/35 [black bear (5)]
  3359 | D:3      | Slain by a black bear

Illustrated notes

Levels and vault maps discovered:
D:1:      minmay_arrival_up_and_down, layout_basic,
          shapermc_ecumenical_altar_mp_urbaneastern
D:2:      layout_rooms, minmay_misc_feat_pillars
D:3:      layout_basic

Skill      XL: |  1  2  3  4  5 |
---------------+----------------+-----
Ice Magic      | 4 5 |  5.0
Spellcasting   | 3 |  3.9
Dodging        | |  1.7
Stealth        | |  1.7

Action                   |  1- 3 |  4- 6 || total
-------------------------+-------+-------++-------
Melee: Staff             |    23 |     6 ||    29
 Cast: Freeze            |    68 |    47 ||   115
       Frozen Ramparts   |       |     1 ||     1
  Use: Scroll            |     1 |       ||     1
Armor: Robe              |     7 |    12 ||    19
Dodge: Dodged            |    53 |    33 ||    86

Table legend: (Time is in decaauts)
 A = Elapsed time spent in this place.
 B = Non-inter-level travel time spent in this place.
 C = Inter-level travel time spent in this place.
 D = Time resting spent in this place.
 E = Time spent auto-exploring this place.
 F = Levels seen in this place.
 G = Mean time per level.
                   A        B        C        D        E       F      G
               +--------+--------+--------+--------+--------+-----+--------+
         Total |   3366 |   3232 |    134 |      0 |   2757 |   3 | 1122.0 |
       Dungeon |   3366 |   3232 |    134 |      0 |   2757 |   3 | 1122.0 |
               +--------+--------+--------+--------+--------+-----+--------+

Top non-repeatable levels by time:
     D:1: 1738 daAuts
     D:3: 927 daAuts
     D:2: 700 daAuts
